 Dungeon Crawl Stone Soup version 0.22-a0-608-g8a62e23f9f (webtiles) character file.

304 Lentor the Cudgeler (level 6, -2/56 HPs)
             Began as a Minotaur Berserker on July 9, 2018.
             Was a Priest of Trog.
             Slain by NoiZ's ghost (5 damage)
             ... on level 4 of the Dungeon.
             The game lasted 00:04:25 (3501 turns).

Lentor the Cudgeler (Minotaur Berserker)            Turns: 3501, Time: 00:04:26

Health: -2/56      AC: 10    Str: 21    XL:     6   Next: 15%
Magic:  0/5        EV: 11    Int:  7    God:    Trog [***...]
Gold:   142        SH:  0    Dex: 12    Spells: 5/5 levels left

rFire    . . .     SeeInvis .   m - +0 whip
rCold    . . .     Gourm    .   (no shield)
rNeg     . . .     Faith    .   i - +0 scale mail (curse)
rPois    .         Spirit   +   (helmet restricted)
rElec    .         Reflect  .   d - +1 cloak
rCorr    .         Harm     .   (no gloves)
MR       .....                  a - +0 pair of boots
Stlth    ..........             k - amulet of guardian spirit
HPRegen  0.18/turn              n - +3 ring of intelligence
MPRegen  0.09/turn              (no ring)

@: no status effects
A: retaliatory headbutt, horns 2
a: Berserk, Trog's Hand, Renounce Religion


You were on level 4 of the Dungeon.
You worshipped Trog.
Trog was most pleased with you.
You were not hungry.

You visited 1 branch of the dungeon, and saw 4 of its levels.

You collected 142 gold pieces.

Inventory:

Hand Weapons
 m - a +0 whip (weapon)
Armour
 a - a +0 pair of boots (worn)
 d - a +1 cloak (worn)
 i - a cursed +0 scale mail (worn)
Jewellery
 k - an amulet of guardian spirit (around neck)
 n - a +3 ring of intelligence (left hand)
 u - an uncursed ring of magical power {unknown}
Scrolls
 b - 3 scrolls of identify {unknown}
 f - 4 scrolls of remove curse {unknown}
 g - a scroll of teleportation {unknown}
 o - a scroll of enchant armour {unknown}
 q - 3 scrolls of immolation {unknown}
 v - a scroll of fog {unknown}
Potions
 e - a potion of flight {unknown}
 h - a potion of curing {unknown}
 j - a potion of heal wounds {unknown}
 l - a potion of invisibility {unknown}
 p - a potion of degeneration {unknown}
 r - a potion of haste {unknown}
 t - a potion of berserk rage {unknown}
Comestibles
 c - 8 rations


   Skills:
 + Level 5.0 Fighting
 + Level 6.1 Maces & Flails
 + Level 3.8 Armour
 + Level 3.3 Dodging
 + Level 0.7 Stealth


You had 5 spell levels left.
You didn't know any spells.
Your spell library was empty.

Dungeon Overview and Level Annotations

Branches:
Dungeon (4/15)
 Temple: D:4-7

Altars:
Hepliaklqana

Annotations:
D:4 NoiZ's ghost, novice MiFi


Innate Abilities, Weirdness & Mutations

You reflexively headbutt those who attack you in melee.
You have a pair of horns on your head.


Message History

NoiZ's ghost closely misses you. You furiously retaliate!
You headbutt NoiZ's ghost, but do no damage.
You hit NoiZ's ghost but do no damage.
You headbutt NoiZ's ghost, but do no damage.
NoiZ's ghost is heavily damaged.
NoiZ's ghost hits you.
* * * LOW HITPOINT WARNING * * *
You hit NoiZ's ghost but do no damage.
NoiZ's ghost is heavily damaged.
NoiZ's ghost hits you.
* * * LOW HITPOINT WARNING * * *
You hit NoiZ's ghost but do no damage.
NoiZ's ghost is heavily damaged.
You hit NoiZ's ghost but do no damage. Your headbutt misses NoiZ's ghost.
NoiZ's ghost is heavily damaged.
NoiZ's ghost hits you but does no damage.
You closely miss NoiZ's ghost. You headbutt NoiZ's ghost!
NoiZ's ghost is severely damaged.
NoiZ's ghost hits you.
You die...

#...(# #....# #....#
###### ####### ###
###### #.....###..
###....###.<...#....
#..@...........##...
#.#W#.####...).##...
###≈### #####......
##≈## #####.. #≈#
#.. #≈# ### #[# #
#≈# # #


You could see NoiZ's ghost.

Vanquished Creatures
  A scorpion (D:4)
  An orc priest (D:4)
  An orc wizard (D:3)
  A worker ant (D:4)
  7 adders
  An ooze (D:3)
  3 worms
  3 dart slugs
  A leopard gecko (D:1)
  8 orcs
  A ball python (D:4)
  2 giant cockroaches (D:1)
  11 goblins
  7 hobgoblins
  7 jackals
  3 kobolds (D:3)
  A quokka (D:3)
  7 bats
  8 frilled lizards
  21 rats
95 creatures vanquished.

Notes
Turn   | Place    | Note
-------+----------+-------------------------------------------
     0 | D:1      | Lentor the Minotaur Berserker began the quest for the Orb.
     0 | D:1      | Reached XP level 1. HP: 19/19 MP: 0/0
   164 | D:1      | Reached XP level 2. HP: 27/27 MP: 1/1
   204 | D:1      | Reached skill level 4 in Maces & Flails
  1018 | D:2      | Reached XP level 3. HP: 32/33 MP: 2/2
  1211 | D:2      | Reached ** piety under Trog
  1472 | D:3      | Reached XP level 4. HP: 35/41 MP: 1/3
  1511 | D:3      | Reached skill level 5 in Maces & Flails
  1739 | D:3      | Reached XP level 5. HP: 29/47 MP: 4/4
  1746 | D:3      | Found a hazy altar of Hepliaklqana.
  2315 | D:3      | Reached *** piety under Trog
  2928 | D:4      | Reached skill level 5 in Fighting
  2928 | D:4      | Reached skill level 6 in Maces & Flails
  2928 | D:4      | Reached XP level 6. HP: 26/56 MP: 3/5
  3449 | D:4      | Found a runed door.
  3453 | D:4      | Noticed NoiZ's ghost (novice MiFi)
  3501 | D:4      | Slain by NoiZ's ghost

Vault maps used:
D:1:      erik_arrival_blinker_ship, serial_park_tiny_2
D:3:      lemuel_round_altar, st_stairs_3, minmay_rat_hole
D:4:      ebering_ghost_sewer_d

Skill      XL: |  1  2  3  4  5 |
---------------+----------------+-----
Fighting       | 4 5 |  5.0
Maces & Flails | 4 5 6 |  6.1
Armour         | 3 |  3.8
Dodging        | 3 |  3.3
Stealth        | |  0.7

Action                   |  1- 3 |  4- 6 || total
-------------------------+-------+-------++-------
Melee: Mace              |    72 |    38 ||   110
       Headbutt          |    16 |    45 ||    61
       Whip              |       |   158 ||   158
Invok: Berserk           |       |     1 ||     1
  Eat: Chunk             |     2 |     7 ||     9
Armor: Animal skin       |     8 |       ||     8
       Scale mail        |    23 |    85 ||   108
Dodge: Dodged            |    34 |    90 ||   124

Table legend:
 A = Spawn XP
 B = Non-spawn XP
 C = Spawn XP percentage of total XP
 D = Spawn monster count
 E = Non-spawn monster count
 F = Spawn count percentage of total count
 G = Total turns spent on level
                    A         B        C        D         E        F      G
               +---------+---------+-------+---------+---------+-------+---------
         Total |       0 |     435 |   0.0 |       0 |      95 |   0.0 |  3501
               +---------+---------+-------+---------+---------+-------+---------
           D:1 |       0 |      39 |   0.0 |       0 |      20 |   0.0 |   735
           D:2 |       0 |      42 |   0.0 |       0 |      15 |   0.0 |   725
           D:3 |       0 |     172 |   0.0 |       0 |      50 |   0.0 |  1341
           D:4 |       0 |     182 |   0.0 |       0 |      10 |   0.0 |   700
               +---------+---------+-------+---------+---------+-------+---------
